 Dungeon Crawl Stone Soup version 0.32-a0-450-g080537f31e (webtiles) character file.

Game seed: 12657712076106819570

557 PriceMaster the Magician (level 7, -1/32 HPs)
             Began as a Spriggan Air Elementalist on Feb 24, 2024.
             Slain by a crocodile (2 damage)
             ... in a sewer.
             The game lasted 00:04:49 (3553 turns).

PriceMaster the Magician (SpAE)                     Turns: 3553, Time: 00:04:49

Health: -1/32      AC:  3    Str:  4    XL:     7   Next: 9%
Magic:  2/15       EV: 18    Int: 19    God:
Gold:   170        SH:  0    Dex: 15    Spells: 15/16 levels left

rFire   . . .        g - +2 mace (elec)
rCold   . . .        (no shield)
rNeg    . . .        a - +1 robe
rPois   .            (helmet restricted)
rElec   .            (no cloak)
rCorr   .            (gloves unavailable)
SInv    +            (boots unavailable)
Will    ++...        (no amulet)
Stlth   +++          f - +4 ring of slaying
HPRegen 0.25/turn    (no ring)
MPRegen 0.14/turn

%: no passive effects
@: enlightened, flying, very quick
A: very small, no large weapons, unfitting armour, see invisible, speed 3
a: no special abilities


You were in a sewer.
You visited 1 branch of the dungeon, and saw 3 of its levels.
You also visited: Sewer.

You collected 170 gold pieces.

Inventory:

Hand Weapons
 g - a +2 mace of electrocution (weapon)
Armour
 a - a +1 robe (worn)
Jewellery
 f - a +4 ring of slaying (left hand)
Scrolls
 c - a scroll of fog {unknown}
 d - 2 scrolls of teleportation
 e - a scroll of torment {unknown}
Potions
 h - a potion of cancellation {unknown}
 j - a potion of brilliance {unknown}


   Skills:
 + Level 0.9 Fighting
 + Level 1.7 Maces & Flails
 + Level 3.4 Dodging
 + Level 3.7 Stealth
 + Level 0.1 Unarmed Combat
 + Level 5.1 Spellcasting
 + Level 2.7 Conjurations
 + Level 4.3 Air Magic


You had 15 spell levels left.
You knew the following spells:

 Your Spells              Type           Power      Damage    Failure   Level
a - Shock                 Conj/Air       72%        1d7       2%          1

Your spell library contained the following spells:

 Spells                   Type           Power      Damage    Failure   Level
 Static Discharge         Conj/Air       36%        3-5/arc   4%          2
 Swiftness                Air            21%        N/A       6%          3
 Kiss of Death            Conj/Necr      40%        2d8       7%          1
 Sting                    Conj/Alch      40%        1d5       7%          1
 Apportation              Tloc           8%         N/A       12%         1
 Necrotise                Necr           16%        1d4       12%         1
 Summon Small Mammal      Summ           16%        N/A       12%         1
 Airstrike                Air            10%        2d(2-18)  21%         4
 Confusing Touch          Hex            4%         N/A       36%         3
 Dispel Undead            Necr           4%         3d7       77%         4


Dungeon Overview and Level Annotations

Branches:
Dungeon (3/15)              Sewer (1/1)

Altars:


Innate Abilities, Weirdness & Mutations

You are very small and have problems with some larger weapons.
You are too small for most types of armour.
You have supernaturally acute eyesight. (SInv)
You cover ground extremely quickly. (Speed+++)


Message History

You enter the shallow water.
Moving in this stuff is going to be slow.
The crocodile attacks as it pursues you!
The crocodile barely misses you. The crocodile closely misses you.
The brain worm bites you but does no damage.
Okay, then.
The brain worm attacks as it pursues you!
The brain worm misses you.
You enter the shallow water.
Moving in this stuff is going to be slow.
Things that are here:
a +0 short sword; 5 stones Something gnaws on your mind!
You feel your power leaking away.
You enter the shallow water.
Moving in this stuff is going to be slow.
The crocodile hisses menacingly.
You thump the plant!
The plant begins to die.
The plant is lightly damaged.
The crocodile barely misses you.
A nearby plant withers and dies.
Something gnaws on your mind!
* * * LOW HITPOINT WARNING * * *
You feel your power leaking away.
You enter the shallow water.
Moving in this stuff is going to be slow.
You enter the shallow water.
Moving in this stuff is going to be slow.
You enter the shallow water.
Moving in this stuff is going to be slow.
Okay, then.
Okay, then.
You feel very buoyant.
You fly up into the air.
Something gnaws on your mind!
* * * LOW HITPOINT WARNING * * *
You feel your power leaking away.
The crocodile attacks as it pursues you!
The crocodile bites you.
You die...

≈≈≈≈≈≈≈~~~..# #~######~
≈≈≈≈≈≈~..w######)# ##
≈≈≈≈≈≈~~~## #.~#~# #
≈≈≈≈≈≈~..# #P#~# ####
≈≈≈≈≈≈.~.# #.~# ~~~~
≈≈≈≈≈≈~.########~# ####
≈≈≈≈≈≈~.~~~~~~~#~####P..
≈≈≈≈≈≈≈l########~##÷....
≈≈≈≈≈≈≈@≈≈≈≈≈≈≈#~#P.#~#.
≈≈≈≈≈≈≈≈≈≈≈≈≈≈≈###.P#~#.
≈≈≈≈≈≈≈≈≈≈≈≈≈≈≈ #≈≈#~#≈
≈≈≈≈≈≈≈≈≈≈≈≈≈≈≈ #≈≈#~#≈
≈≈≈≈≈≈≈≈≈≈#≈≈≈≈ #≈≈#?#≈
############### #######


You could see a crocodile and a brain worm.

Vanquished Creatures
  Sigmund (D:3)
  3 kobold brigands (Sewer)
  Terence (D:3)
  An iguana (D:3)
  7 adders
  A river rat (Sewer)
  An orc (D:3)
  4 endoplasms
  8 giant cockroaches
  7 goblins
  9 hobgoblins
  A jackal (Sewer)
  4 quokkas
  4 ball pythons
  6 bats
  6 frilled lizards
  7 kobolds
  7 rats
78 creatures vanquished.

Vanquished Creatures (others)
  A kobold (D:1)
1 creature vanquished.

Grand Total: 79 creatures vanquished

Notes
Turn   | Place    | Note
-------+----------+-------------------------------------------
     0 | D:1      | PriceMaster the Spriggan Air Elementalist began the quest
                  | for the Orb.
     0 | D:1      | Reached XP level 1. HP: 9/9 MP: 5/5
   243 | D:1      | Reached XP level 2. HP: 13/13 MP: 4/6
   642 | D:1      | Reached skill level 3 in Spellcasting
  1322 | D:2      | Reached skill level 1 in Conjurations
  1322 | D:2      | Reached XP level 3. HP: 16/16 MP: 0/8
  2043 | D:2      | Reached XP level 4. HP: 21/21 MP: 7/9
  2417 | D:3      | Noticed Sigmund
  2451 | D:3      | Killed Sigmund
  2452 | D:3      | Reached skill level 1 in Maces & Flails
  2452 | D:3      | Reached skill level 4 in Spellcasting
  2452 | D:3      | Reached XP level 5. HP: 20/25 MP: 0/12
  2605 | D:3      | Noticed Terence
  2613 | D:3      | Killed Terence
  2614 | D:3      | Reached XP level 6. HP: 29/29 MP: 6/13
  2788 | D:3      | Found a glowing drain.
  2846 | Sewer    | Entered a sewer
  3518 | Sewer    | Reached skill level 5 in Spellcasting
  3518 | Sewer    | Reached XP level 7. HP: 12/32 MP: 6/15
  3552 | Sewer    | HP: 1/32 [brain worm/psychic fangs (6)]
  3553 | Sewer    | Slain by a crocodile

Illustrated notes

Levels and vault maps discovered:
D:1:      shiori_arrival_oz, layout_basic, lemuel_flame_loot_1
D:2:      layout_loops_corners, minmay_gold_behind_fungi, item_on_display_a
D:3:      layout_rooms, portal_sewer_entry_f, minivault_4, feat_on_display,
          uniq_sigmund, uniq_terence, uniq_robin
Sewer:    sewer_co_scattered_pipes

Skill      XL: |  1  2  3  4  5  6 |
---------------+-------------------+-----
Air Magic      | 3 4 |  4.3
Spellcasting   | 3 4 5 |  5.1
Conjurations   | 1 2 |  2.7
Maces & Flails | 1 |  1.7
Dodging        | 3 |  3.4
Fighting       | |  0.9
Stealth        | |  3.7
Unarmed Combat | |  0.1

Action                     |  1- 3 |  4- 6 |  7- 9 || total
---------------------------+-------+-------+-------++-------
  Melee: Unarmed           |     5 |       |       ||     5
         Mace              |     6 |    31 |     1 ||    38
   Cast: Shock             |    77 |   120 |       ||   197
    Use: Potion            |     1 |     1 |     1 ||     3
         Scroll            |       |     6 |       ||     6
 Armour: Robe              |     6 |    19 |     2 ||    27
  Dodge: Dodged            |    12 |    59 |     5 ||    76

Table legend: (Time is in decaauts)
 A = Elapsed time spent in this place.
 B = Non-inter-level travel time spent in this place.
 C = Inter-level travel time spent in this place.
 D = Time resting spent in this place.
 E = Time spent auto-exploring this place.
 F = Levels seen in this place.
 G = Mean time per level.
                   A        B        C        D        E       F      G
               +--------+--------+--------+--------+--------+-----+--------+
         Total |   2998 |   2980 |     18 |    308 |   2188 |   4 |  749.5 |
       Dungeon |   2311 |   2293 |     18 |    107 |   1869 |   3 |  770.3 |
         Sewer |    687 |    687 |      0 |    201 |    319 |   1 |  687.0 |
               +--------+--------+--------+--------+--------+-----+--------+

Top non-repeatable levels by time:
     D:1: 966 daAuts
     D:2: 908 daAuts
   Sewer: 687 daAuts
     D:3: 437 daAuts
